[Event "Marshall CC U2400 03-2025"]
[Site "New York"]
[Date "2025.03.22"]
[Round "2.1"]
[White "Scott, Harold"]
[Black "Muthukumar, Haari"]
[Result "0-1"]
[Annotator "TA"]
[ECO "A46"]
[WhiteElo "1898"]
[BlackElo "2202"]
[PlyCount "54"]
[EventDate "2025.03.20"]
[EventType "swiss"]
[EventCountry "USA"]
[SourceTitle "playchess.com"]
[Source "ChessBase"]
[SourceQuality "1"]
[TimeControl "5400+30"]

1. d4 e6 2. Nf3 Nf6 3. g3 b5 4. Bg2 Bb7 5. O-O c5 6. c3 cxd4 7. cxd4 Be7 8. Bf4 O-O 9. Qb3 $146 {[%emt 0:04:52] A46: 1 d4 Nf6 2 Nf3 e6: Torre, London and Colle Systems.} (9. Nbd2 d6 10. Rc1 Nbd7 11. Qc2 Nb6 12. e4 Rc8 13. Qd3 a6 14. b3 d5 15. e5 Ne4 16. h4 h6 {0-1 Tokhirjonova,G (2378)-Shubin,K (2441) Titled Tuesday intern op 17th Nov blitz 2020 (8)}) 9... a6 10. Nc3 Nc6 11. Rac1 {[%emt 0:03:21] The position is equal.} Rc8 12. Qd1 Na5 13. Ne5 Bxg2 14. Kxg2 Qb6 15. f3 (15. Bg5 $15) 15... d6 $17 16. Bg5 $2 {[%emt 0:00:44][%mdl 8192] This costs White the game.} dxe5 $19 17. dxe5 {[%emt 0:00:51] [#]} Nc4 $1 18. exf6 Bxf6 19. Bf4 Nxb2 20. Qb3 Nc4 21. Ne4 Bd4 22. Qd3 (22. Nd2 $142 Qc6 (22... Ne3+ $2 23. Bxe3 Bxe3 24. Rcd1 $19) 23. Nxc4 bxc4 24. Qb4) 22... Rcd8 {[%emt 0:04:33] and ...f5 should not be overlooked} 23. Qb1 Be3 24. Ng5 {[%emt 0:07:53][%csl Gg5][%cal Rb1h7] [#]} g6 {[%emt 0:00:18] Active counter play!} 25. Kh1 (25. Rfe1 {was worth a try.}) 25... Bxf4 {[%emt 0:00:45] Black is clearly winning.} 26. Ne4 Bxc1 27. Rxc1 Qd4 {[%emt 0:00:22] Weighted Error Value: White=1.13/Black=0.18 (very precise)   Loses game:     	White=1     	---        Mistake:       	White=3     	---        Inaccurate:     	White=2     	---        OK:         	White=6     	Black=8      Best:        	---       	Black=3} 0-1

[Event "Marshall CC U2400 03-2025"]
[Site "New York"]
[Date "2025.03.22"]
[Round "2.2"]
[White "Levin, Anthony"]
[Black "Paruchuri, Naveen"]
[Result "1/2-1/2"]
[Annotator "TA"]
[ECO "E00"]
[WhiteElo "1990"]
[BlackElo "1847"]
[PlyCount "214"]
[EventDate "2025.03.20"]
[EventType "swiss"]
[EventCountry "USA"]
[SourceTitle "playchess.com"]
[Source "ChessBase"]
[SourceQuality "1"]
[TimeControl "5400+30"]

1. d4 Nf6 2. c4 e6 3. g3 Bb4+ 4. Nd2 Ne4 5. Bg2 Nxd2 6. Bxd2 {[%emt 0:00:04] E00: Catalan Bogo-Indian (3 g3 Bb4+).} Bxd2+ 7. Qxd2 d5 8. Nf3 {[%emt 0:05:56] White is slightly better.} O-O 9. Rc1 b6 10. cxd5 exd5 11. O-O Bb7 12. Qf4 $146 (12. Qc2 c6 13. Ne5 Qd6 14. e4 f6 15. Ng4 dxe4 16. Bxe4 h5 17. Bh7+ Kh8 18. Ne3 {1-0 Zhang,X (2259)-Xu,Y (2083) Shaoxing (Women) op 2019 (7)}) 12... Na6 13. Ne5 Qd6 (13... Qe7 $11) 14. Nd3 {[%emt 0:05:05] White has more active pieces.} (14. Nc6 $1 $16) 14... Qxf4 (14... Qd7 $14) 15. Nxf4 Rfd8 16. Rfd1 Rd6 17. e3 Rad8 18. Bf1 c6 19. Rc3 Nc7 20. b4 Ba6 21. Nd3 f6 22. Rdc1 Bc4 23. Nb2 b5 24. Ra3 Ra8 25. Ra5 a6 26. Rc3 Rdd8 27. Nd3 Bxd3 28. Bxd3 Rd6 29. a4 g6 ({Black should play} 29... Kf7 30. axb5 (30. Bxh7 $2 g6 $19) 30... axb5) 30. Ra3 (30. axb5 $142 Nxb5 31. Rc2) 30... Rb8 $16 31. axb5 cxb5 32. Rc3 Ne6 33. Ra1 Kf7 34. Rac1 Ke7 35. h4 f5 36. Kg2 h5 37. Rc8 (37. Bc2 $16) 37... Rxc8 $1 $11 38. Rxc8 {[%emt 0:00:02][%mdl 4096] Endgame KRB-KRN} Nd8 39. Ra8 (39. Rc7+ $11 Kf6 40. Ra7) 39... Rb6 (39... Kd7 $1 $15 {should be considered.}) 40. Ra7+ Nb7 (40... Ke8 $1 $11) 41. Be2 (41. Bb1 $16) 41... Ke6 $14 42. Bf3 Nd6 43. Rg7 Kf6 44. Rc7 Ne4 45. Bd1 Nd6 {[%emt 0:00:00] [#]} (45... Nd2 $14) 46. Bf3 ({Better is} 46. Kf3 $1 $16) 46... Ne4 $1 47. Bd1 (47. Bxe4 $14 dxe4 48. f3) 47... Nd6 $16 {[%emt 0:00:00] [#]} 48. Bb3 (48. Kf3 $1 $16) 48... Nc4 $1 $14 49. Rc5 Ke6 50. Rc8 (50. Ba2 $16) 50... Kd7 51. Rg8 Ke7 52. Rg7+ Kf6 53. Ra7 (53. Rc7 $16) 53... Rc6 $11 54. Ra8 Ke7 55. Bd1 Nd6 56. Bb3 Nc4 57. Ba2 Nxe3+ $1 58. fxe3 {[%emt 0:00:12] KRB-KR} Rc2+ 59. Kf3 Rxa2 {[%emt 0:01:00] KR-KR. Black is a pawn up.} 60. Rg8 Kf6 61. Rd8 Ke6 62. Rg8 Kf7 63. Rd8 Ra4 64. Rd6 Rxb4 65. Rxa6 Rb1 66. Rd6 b4 67. Rxd5 b3 68. Rb5 b2 69. Kg2 {[%emt 0:00:20] Inhibits Rf1.} Ke6 70. Kh2 Kd6 71. d5 Ke5 72. Kg2 Ke4 73. d6 Rd1 74. Rxb2 Kxe3 75. Rb6 Rd2+ 76. Kh3 Kf3 77. Ra6 Rd1 78. Ra3+ Kf2 79. Ra2+ Kg1 80. Rg2+ Kf1 81. Ra2 Rxd6 82. Ra1+ Kf2 83. Ra2+ Ke3 84. Ra3+ Rd3 85. Ra6 {[%emt 0:00:17] The position is equal.} Kf2 86. Ra2+ Kf3 87. Ra6 Kf2 88. Ra2+ Ke3 89. Ra6 f4 90. gxf4 Kxf4+ 91. Kh2 Kg4 {[%emt 0:00:43] White must now prevent ...Rh3+.} 92. Rxg6+ Kxh4 93. Rg8 Rd2+ 94. Rg2 Rd4 95. Rg8 Rd3 96. Rg7 Rh3+ 97. Kg2 Ra3 98. Kh2 Ra2+ 99. Rg2 Ra4 100. Rg8 Rg4 101. Ra8 Kg5 102. Rg8+ Kf6 103. Rf8+ Kg7 104. Ra8 Re4 105. Ra6 Rf4 106. Kh3 Rf6 107. Rxf6 Kxf6 {[%emt 0:00:07] Weighted Error Value: White=0.23 (precise) /Black=0.18 (very precise)   Mistake:       	White=10    	Black=6      Inaccurate:     	White=5     	Black=6      OK:         	White=47    	Black=25     Best:        	White=3     	Black=4      Strong:       	---       	Black=4} 1/2-1/2

[Event "Marshall CC U2400 03-2025"]
[Site "New York"]
[Date "2025.03.22"]
[Round "2.3"]
[White "Lee, Rohan"]
[Black "Goel, Raben"]
[Result "1/2-1/2"]
[Annotator "TA"]
[ECO "A05"]
[WhiteElo "2003"]
[BlackElo "1770"]
[PlyCount "97"]
[EventDate "2025.03.20"]
[EventType "swiss"]
[EventCountry "USA"]
[SourceTitle "playchess.com"]
[Source "ChessBase"]
[SourceQuality "1"]
[TimeControl "5400+30"]

1. Nf3 Nf6 2. g3 g6 3. b4 Bg7 4. Bb2 d6 5. Bg2 O-O 6. O-O $1 Nbd7 {[%emt 0:00:45] A05: Réti Opening: 1 Nf3 Nf6.} 7. d3 c5 8. b5 $146 (8. bxc5 Nxc5 9. c4 Bd7 10. Nbd2 Rc8 11. Nb3 Na4 12. Bd4 e5 13. Be3 Nc3 14. Qc2 {0-1 Cox,T (2141)-Badacsonyi,S Checkmate Covid Rematch blitz 2021}) 8... a6 9. bxa6 Rxa6 10. c4 Nb8 11. Nc3 Nc6 12. Nb5 Bd7 13. Qc1 Qc8 14. Bc3 Bh3 15. Qb2 Bxg2 16. Kxg2 Qd7 17. Nd2 e5 18. e4 Bh6 19. Nf3 Nh5 20. Bd2 Bg7 21. Qc1 (21. h3 $15) 21... f5 22. Nc3 (22. Qd1 $15) 22... fxe4 $1 $19 23. Nxe4 {[%emt 0:01:00] [#]} (23. dxe4 {was worth a try.} Nf4+ 24. Kg1) 23... Qg4 $2 (23... Rxf3 $1 $19 24. Kxf3 Qh3) 24. Qd1 {[%emt 0:00:34][%cal Oh2h3] Successful Defense White} Nf4+ 25. Bxf4 exf4 26. Rb1 fxg3 (26... Rxa2 $6 27. Rxb7 Ra6 28. h3 $14 (28. Nxd6 fxg3 29. hxg3 Nd8 $15)) 27. hxg3 Rxa2 (27... Nb4 $17) 28. Rxb7 $11 Kh8 (28... Nb4 $11) 29. Nfg5 $1 $16 {[%emt 0:01:36] Dancing on a razor blade.} ({Much worse is} 29. Nxd6 $6 Ne5 (29... Ra1 30. Qe2 $19) 30. Nxe5 (30. Nd2 Rxd2 31. Qxd2 Qf3+ 32. Kh3 Qh5+ 33. Kg2 Nf3 $19) 30... Raxf2+ 31. Rxf2 Qxd1 $11) 29... Raxf2+ $2 30. Rxf2 $18 Rxf2+ 31. Nxf2 Qxg5 32. Qf3 (32. Qa4 $142 h5 33. Qxc6) 32... Nd8 {[%emt 0:00:35] Black is weak on the light squares} 33. Rb8 {[%emt 0:00:27] and Qf7 would now be decisive} h5 34. Ne4 Qe7 35. Qf4 d5 36. Qg5 Qxg5 37. Nxg5 {[%emt 0:00:02][%mdl 4096] Endgame KRN-KBN} Bf6 38. Nf7+ Kg7 39. Nxd8 dxc4 40. dxc4 Kh6 41. Ne6 Be5 {[%emt 0:00:14] [#]} 42. Nxc5 $2 Bxb8 {[%emt 0:00:07] KB-KN. The position is equal.} 43. Na6 Be5 44. c5 Kg5 45. Kh3 Kf6 46. c6 Ke7 47. Nb4 Kd6 48. Nd3 Bxg3 49. Kxg3 {[%emt 0:04:10] White used his chance.   Weighted Error Value: White=0.65/Black=0.81  Loses game:     	---       	Black=1      Missed win:     	---       	Black=1      Mistake:       	White=3     	Black=2      Inaccurate:     	White=3     	Black=3      OK:         	White=11    	Black=10     Best:        	White=2     	Black=1      Strong:       	---       	Black=1} 1/2-1/2

[Event "Marshall CC U2400 03-2025"]
[Site "New York"]
[Date "2025.03.22"]
[Round "2.4"]
[White "Farzaneh-Far, Marcus"]
[Black "Miller, Rachel"]
[Result "0-1"]
[Annotator "TA"]
[ECO "C99"]
[WhiteElo "1664"]
[BlackElo "1956"]
[PlyCount "120"]
[EventDate "2025.03.20"]
[EventType "swiss"]
[EventCountry "USA"]
[SourceTitle "playchess.com"]
[Source "ChessBase"]
[SourceQuality "1"]
[TimeControl "5400+30"]

1. e4 e5 2. Nf3 Nc6 3. Bb5 a6 4. Ba4 Nf6 5. O-O Be7 6. Re1 b5 7. Bb3 d6 8. c3 O-O 9. h3 Na5 10. Bc2 c5 11. d4 Qc7 12. Nbd2 cxd4 13. cxd4 Nc6 14. Nb3 a5 15. Be3 a4 16. Nbd2 Nb4 17. Bb1 Bd7 18. a3 {[%emt 0:15:36] C99: Closed Ruy Lopez: Chigorin Defence: 11 d4 Qc7 12 Nbd2 cxd4.} Na6 19. Bd3 Rfc8 20. Rc1 {[%emt 0:13:01] White is slightly better.} Qb8 (20... Qxc1 $14 21. Qxc1 Rxc1 22. Rxc1 exd4 23. Nxd4 Nc5 24. Bxb5 Bxb5 25. Nxb5 Ncxe4) 21. Qe2 Rxc1 22. Rxc1 exd4 $146 (22... h6 $14) ({Predecessor:} 22... Bd8 23. Nb1 Ba5 24. Nc3 Bxc3 25. bxc3 Qe8 26. Bg5 Kh8 27. c4 exd4 28. Bxf6 gxf6 29. cxb5 {½-½ Terentev,M (2013)-Royset,P (2234) Chigorin Memorial 23rd 2015 (3)}) 23. Bxd4 (23. Nxd4 $16 Nc5 24. Bxb5 (24. Nxb5 $2 Nxd3 25. Qxd3 Qxb5 $19)) 23... Nc5 24. Bb1 (24. Bxc5 $1 $16 dxc5 25. e5) 24... b4 (24... Nh5 $14) 25. e5 $16 Bb5 {[%emt 0:06:21][%cal Bd7b5,Bb5d3,Bd3g6][%mdl 32] [#]} 26. Qe1 Nfd7 27. axb4 Nd3 (27... Ne6 $16) 28. Bxd3 $18 Bxd3 29. e6 Nf8 30. exf7+ Kxf7 31. Qe3 Bg6 {[%emt 0:03:51] [#]} 32. Bxg7 $1 Ne6 (32... Qd8 33. Bc3) 33. Re1 (33. Bc3 $142) 33... Kxg7 34. Qxe6 Bf6 35. Nc4 (35. Ne4 $18 Bxb2 36. Nxd6) 35... Qc8 (35... Qxb4 $16 36. Nxd6 (36. Qxd6 $2 Qxc4 37. Ne5 Qc8 $19) 36... Bxb2) 36. Nfd2 $2 (36. Nxd6 Qxe6 37. Rxe6 Bxb2 $17) (36. Qd5 $18 {[%cal Oc4b6] Strongly threatening Nb6!.} Qg8 37. Qb7+ Kh8 38. Qc6 (38. Nxd6 Bxb2 39. Ng5 Rf8 $16)) 36... Qxe6 $11 37. Rxe6 Bf7 {[%emt 0:01:50] A strong pair of Bishops.} 38. Re4 (38. Rxf6 $11 Kxf6 39. Nxd6) 38... Bxc4 (38... d5 $5 39. Rg4+ $8 Bg6 $14) 39. Nxc4 Bxb2 $1 $15 {[%emt 0:02:42][%mdl 4096] Endgame KRB-KRN. White is a pawn up.} 40. Re2 {[%emt 0:01:44] [#]} ({White should play} 40. Nxb2 $15 a3 41. Nc4) 40... a3 $1 $17 41. Rxb2 (41. Nxd6 $2 a2 42. Nf5+ Kf6 $19) 41... axb2 ({Not} 41... a2 42. Rxa2 (42. Nxd6 $2 {loses.} a1=Q+ 43. Kh2 Qxb2 $19) 42... Rxa2 43. Nxd6 $11) 42. Nxb2 {[%emt 0:00:04] KR-KN} Ra1+ 43. Kh2 Rb1 (43... Kf6 $17 44. Nd3 Ra3) 44. Nd3 (44. Nc4 $1 $11) 44... Rb3 45. Nf4 Rxb4 46. Nd5 Rb3 47. Ne3 (47. g4 $17) 47... Kf6 $19 48. Kg3 d5 49. Kf4 Rb4+ 50. Kf3 Ke5 51. Ke2 Rb3 52. Ng4+ Kd4 53. Nf6 Rb2+ 54. Kf3 Rb7 55. Ke2 $2 (55. g4) 55... Rf7 56. Ng4 Kc3 57. Ne5 $2 (57. Ne3 d4 58. Nd1+ Kc2 59. Ne3+ dxe3 60. Kxe3) 57... Re7 {[%emt 0:00:33] Black is clearly winning.} 58. f4 d4 {[%emt 0:00:16] Threatens to win with ...d3+.} 59. g4 d3+ 60. Kd1 Ra7 {[%emt 0:00:26] Never resign too early!   Weighted Error Value: White=0.74/Black=0.25 (precise)   Loses game:     	---       	Black=1      Missed win:     	White=1     	---        Mistake:       	White=10    	Black=5      Inaccurate:     	White=5     	Black=2      OK:         	White=15    	Black=16     Best:        	White=3     	Black=4      Strong:       	---       	Black=2} (60... Rb7 $142 61. Nxd3 Kxd3) 0-1

[Event "Marshall CC U2400 03-2025"]
[Site "New York"]
[Date "2025.03.22"]
[Round "2.5"]
[White "Zhao, Austin"]
[Black "Zhang, Andrew"]
[Result "1-0"]
[Annotator "TA"]
[ECO "D97"]
[WhiteElo "1819"]
[BlackElo "2009"]
[PlyCount "146"]
[EventDate "2025.03.20"]
[EventType "swiss"]
[EventCountry "USA"]
[SourceTitle "playchess.com"]
[Source "ChessBase"]
[SourceQuality "1"]
[TimeControl "5400+30"]

1. d4 Nf6 2. c4 g6 3. Nc3 d5 4. Nf3 Bg7 5. Qb3 dxc4 6. Qxc4 O-O 7. e4 c6 8. Be2 {[%emt 0:02:20] 8.Qb3 is vanishing.} Be6 9. Qd3 {[%emt 0:05:01] D97: Grünfeld: Russian System: 7 e4, replies other than 7...Bg4.} h6 ({Black should try} 9... Bg4 $14) 10. O-O $16 Nbd7 11. Bf4 {[%emt 0:02:37] White is better.} Nb6 12. Rfd1 Bc4 13. Qc2 Bxe2 14. Qxe2 e6 $146 (14... Nh5 15. Be3 Qd6 16. e5 Qe6 17. h3 f5 18. exf6 Rxf6 19. Ne5 Nf4 20. Qc2 Nbd5 {1-0 Bahamonde,A-Francia,F Santa Fe 1949 (1)}) 15. Rac1 Re8 16. h3 Qe7 17. Qc2 a5 18. Be3 Nbd7 19. Qd2 Kh7 20. d5 (20. b3 $16) 20... exd5 $11 21. exd5 Nxd5 (21... Rad8 $11) 22. Nxd5 $16 cxd5 23. Qxd5 (23. Rc7 $1 $16 Red8 24. Rxb7) 23... Nf6 24. Qb5 Red8 25. Rxd8 Rxd8 26. Qxa5 {[%emt 0:00:10] White is more active.} Nd5 27. Bc5 Qd7 28. Qd2 Nc7 29. Qxd7 Rxd7 {[%emt 0:00:04] [#]} 30. Bd4 $1 Ne6 31. Bxg7 Kxg7 {[%emt 0:00:13][%mdl 4096] Endgame KRN-KRN. White is a pawn up.} 32. a4 Nd4 33. Nxd4 Rxd4 {[%emt 0:00:12] KR-KR. White is a pawn up.} 34. b3 Rb4 35. Rc3 f5 36. Kf1 Kf6 37. Ke2 Ke5 38. Kd3 Kd5 39. Kc2 Re4 40. Rd3+ Kc5 41. Re3 $1 Rf4 42. f3 Rb4 43. Kc3 Rb6 44. Re7 Kd6 45. Re8 ({White should play} 45. Rg7 $18 Ke5 46. a5 Rc6+ 47. Kb2 (47. Kb4 Kf4 $18)) 45... g5 (45... Rc6+ $16 {keeps fighting.} 46. Kd3 Kd7) 46. Re2 $18 Kd5 47. b4 Rc6+ 48. Kb3 Kd4 49. Re7 Kd3 $2 (49... b6 50. b5 Rc3+ 51. Kb2 Rc4) 50. Rd7+ (50. Rxb7 Rc3+ 51. Kb2 Rc2+ 52. Kb1 Rxg2 $18) 50... Ke2 51. Rxb7 Kf2 52. Rf7 f4 53. b5 Rc1 {[%emt 0:00:07] [#]} 54. h4 $2 (54. a5 $1 Rb1+ (54... Kxg2 55. b6) 55. Kc4 Rc1+ 56. Kd5) 54... Kxg2 $2 (54... Rb1+ 55. Ka2 (55. Kc2 Rb4 $18) 55... Rb4) 55. hxg5 hxg5 56. Rf5 Kxf3 57. Rxg5 Ke4 58. Rg8 f3 {[%emt 0:00:31] [#]} 59. Rf8 $1 Rb1+ 60. Kc4 Rc1+ 61. Kb4 Rb1+ 62. Ka5 Ke3 63. Re8+ $2 (63. b6 $18 {Ka6 would kill now.} f2 64. Ka6 f1=Q+ 65. Rxf1 Rxf1 66. b7) 63... Kd4 $11 64. Rd8+ $2 (64. Rf8 $11 Ke3 65. b6) 64... Ke3 $18 65. Re8+ Kd4 {[%emt 0:00:07] ...f2 is the strong threat.} 66. Rf8 Ke3 67. b6 f2 68. Ka6 {[%emt 0:01:00] b7 would now be deadly.} f1=Q+ 69. Rxf1 Rxf1 70. b7 Rb1 {[%emt 0:00:03] [#]} 71. Ka7 $2 (71. a5 $1 {mates} Kf4 72. Ka7 Kg4 73. b8=Q (73. b8=R Rd1 $18) 73... Rh1 74. Qg8+ Kh3 75. a6 Rf1 76. Qb3+ Kg4 77. Qc4+ Rf4 78. Qxf4+ Kxf4 79. Kb6) 71... Kd4 $2 (71... Ra1 $11) 72. a5 Kc5 73. a6 ({And not} 73. b8=R Rxb8 74. Kxb8 Kb5 $11) 73... Kd5 {[%emt 0:11:59] Weighted Error Value: White=0.27 (precise) /Black=0.44  Loses game:     	---       	Black=1      Missed win:     	White=1     	---        Mistake:       	White=3     	Black=4      Inaccurate:     	White=2     	Black=12     OK:         	White=19    	Black=14     Best:        	White=3     	Black=2      Strong:       	White=1     	---} 1-0

[Event "Marshall CC U2400 03-2025"]
[Site "New York"]
[Date "2025.03.22"]
[Round "2.6"]
[White "Li, Robert"]
[Black "Gutnik, Aleksandr"]
[Result "1-0"]
[Annotator "TA"]
[ECO "C10"]
[WhiteElo "1785"]
[BlackElo "1971"]
[PlyCount "109"]
[EventDate "2025.03.20"]
[EventType "swiss"]
[EventCountry "USA"]
[SourceTitle "playchess.com"]
[Source "ChessBase"]
[SourceQuality "1"]
[TimeControl "5400+30"]

1. e4 e6 2. d4 d5 3. Nc3 dxe4 4. Nxe4 Nf6 5. Nxf6+ gxf6 6. Nf3 Nc6 {[%emt 0:00:14] is now more promising than 6...b6. C10: French with 3 Nc3: Unusual Black 3rd moves and 3...dxe4.} 7. Be3 Qd6 8. a3 Bd7 {[%emt 0:02:23] White is slightly better.} 9. c4 Ne7 (9... O-O-O $14) 10. Bd3 $16 Bc6 11. d5 $146 (11. b4 a6 12. O-O b6 13. Qe2 Bg7 14. d5 Rd8 15. Rad1 Ba4 16. Rd2 f5 17. c5 Qxd5 18. Bxa6 {½-½ Birkholz,O (2064)-Rapport,J (2334) BL 1617 (Women) 2016 (10.4)}) 11... exd5 12. c5 Qd8 13. Nd4 {[%emt 0:00:32][%mdl 1024] White has strong compensation.} Bd7 14. Qf3 {[%emt 0:04:30] White sacrificed a pawn} (14. O-O $142) 14... Bg7 15. O-O O-O 16. Qh5 f5 17. Rad1 $40 {[%emt 0:00:00][%mdl 128] White goes for the king.} (17. Bxf5 Bxf5 18. Nxf5 Nxf5 19. Qxf5 c6) 17... c6 18. g3 Qe8 19. Rfe1 (19. Nxf5 $6 Nxf5 20. Bxf5 Bxf5 21. Qxf5 Qe6 $14) 19... f6 (19... Bxd4 20. Bxd4 f6) 20. Qf3 {[%emt 0:02:00] White is much more active.} (20. Qh3 $142 $1) 20... Qf7 21. Bf4 Ng6 22. Bxf5 Ne5 23. Qb3 Bxf5 24. Nxf5 Qh5 $2 {[%emt 0:00:00] Black is weak on the dark squares} (24... Qd7 $11 25. Nd4 Rae8) 25. Bxe5 (25. Nxg7 $18 Qf3 26. Re3 (26. Qxb7 Rab8 $16)) 25... Qxf5 (25... fxe5 $14 26. Nxg7 (26. Qxb7 $2 Qxf5 27. Qxc6 Qxf2+ 28. Kh1 Qf3+ 29. Kg1 d4 $19) 26... Qf7) 26. Bd6 $1 Rf7 27. Re2 Bf8 28. Bxf8 (28. Rde1 $16) 28... Raxf8 $14 29. Rde1 Rd8 30. Re7 (30. Qa4 $14) 30... Rd7 {[%emt 0:00:00] [#]} (30... Rxe7 $11 31. Rxe7 Rd7 32. Re8+ Kf7) 31. Rxf7 (31. Re8+ $1 $16 Kg7 32. Qb4) 31... Kxf7 $16 {[%emt 0:00:00][%mdl 4096] Endgame KQR-KQR} 32. Qe3 Kg7 33. Qe8 d4 34. Qc8 {[%emt 0:00:28] Threatens to win with Re7+.} Qd5 {[%emt 0:00:00] [#]} (34... Kf7 $11 {remains equal.}) 35. Re8 $1 Qf7 {[%emt 0:00:00] [#]} (35... d3 $2 36. Rg8+ Qxg8 37. Qxd7+ Qf7 38. Qxd3 $18) ({Black should play} 35... f5) 36. Rg8+ $3 Qxg8 37. Qxd7+ {[%emt 0:00:03] KQ-KQ} Qf7 38. Qxd4 Qe6 39. Kg2 a6 (39... h5 $16 40. a4 Kf7) 40. h3 Qb3 (40... h5 {keeps fighting.} 41. b4 Kh8 42. Qd8+ Kg7) 41. Qg4+ Kf8 42. Qd4 ({Better is} 42. Qb4 $16 Qd5+ 43. Kh2) 42... Kf7 $2 (42... Kg7 $1 $11 {and Black is okay.}) 43. Kh2 (43. Qd7+ Kg6 $16) 43... Qc2 44. h4 h5 45. Kg2 Kg6 46. Qb4 a5 47. Qd4 ({But not} 47. Qxb7 $6 Qe4+ 48. Kf1 Qd3+ 49. Ke1 Qe4+ 50. Kd2 (50. Kf1 Qh1+ 51. Ke2 Qe4+ 52. Kd2 Qd4+ 53. Ke1 Qe4+ 54. Kd2 Qd5+ 55. Ke3 Qe6+ 56. Kf3 Qf5+ 57. Kg2 Qd5+ 58. Kf1 Qh1+ 59. Ke2 Qe4+ 60. Kf1 $11) 50... Qd4+ 51. Ke2 Qe4+ 52. Kd2 Qf3 $11) 47... Qb3 $2 (47... Qe2 $16 48. b3 Kf5 49. Qf4+ Kg6) 48. Qe4+ $18 Kg7 49. Qe7+ Kg6 50. Qe8+ Kg7 51. Qxh5 Qxb2 52. Qg4+ Kf7 $2 (52... Kh6 53. Qf5 Qd4) 53. h5 {[%emt 0:02:14] White is clearly winning.} Qe5 54. Qd7+ Kf8 55. Qd6+ {[%emt 0:02:19] Weighted Error Value: White=0.23 (precise) /Black=0.63  Loses game:     	---       	Black=3      Mistake:       	White=7     	Black=9      Inaccurate:     	White=3     	Black=4      OK:         	White=11    	Black=16     Best:        	White=6     	---        Strong:       	White=2     	---        Brilliant:      	White=1     	---} ({Weaker is} 55. Qxb7 Qxc5 56. Qc8+ Kg7 $16) 1-0

[Event "Marshall CC U2400 03-2025"]
[Site "New York"]
[Date "2025.03.22"]
[Round "2.7"]
[White "Chen, Shu"]
[Black "Bonin, Jay"]
[Result "1-0"]
[Annotator "NA RC"]
[ECO "B12"]
[WhiteElo "1533"]
[BlackElo "2120"]
[PlyCount "62"]
[EventDate "2025.03.20"]
[EventType "swiss"]
[EventCountry "USA"]
[SourceTitle "playchess.com"]
[Source "ChessBase"]
[SourceQuality "1"]
[TimeControl "5400+30"]

1. e4 c6 2. d4 a6 3. c4 d6 4. Nf3 Nf6 5. Bd3 e5 6. O-O Qc7 7. h3 Nbd7 8. Be3 Be7 9. a4 a5 10. Nc3 O-O 11. Ne2 exd4 12. Nexd4 Nc5 13. Qc2 Re8 14. Nf5 Nxd3 15. Qxd3 Bxf5 16. exf5 d5 17. Rac1 Rad8 18. Qb3 dxc4 19. Rxc4 Nd5 20. Bc5 Bxc5 21. Rxc5 Nf4 22. Kh1 Rd3 23. Qc4 Rxf3 24. gxf3 Qd6 25. f6 Qxf6 26. Rg1 Qh6 27. Rg3 Nxh3 28. Kg2 Nf4+ 29. Kf1 Qh1+ 30. Rg1 Qh3+ 31. Rg2 Qxg2# 1-0

[Event "Marshall CC U2400 03-2025"]
[Site "New York"]
[Date "2025.03.22"]
[Round "2.8"]
[White "Shen, Leo Xiaohang"]
[Black "Liu, Grant"]
[Result "1-0"]
[Annotator "NA RC"]
[ECO "C02"]
[WhiteElo "1968"]
[BlackElo "1771"]
[PlyCount "67"]
[EventDate "2025.03.20"]
[EventType "swiss"]
[EventCountry "USA"]
[SourceTitle "playchess.com"]
[Source "ChessBase"]
[SourceQuality "1"]
[TimeControl "5400+30"]

1. e4 e6 2. d4 d5 3. e5 c5 4. c3 Nc6 5. Nf3 Qb6 6. a3 Nh6 7. b4 cxd4 8. cxd4 Nf5 9. Be3 Bd7 10. Be2 Be7 11. O-O h5 12. Nc3 Rc8 13. Na4 Qd8 14. Rc1 b6 15. Bd3 O-O 16. Nc3 Nxe3 17. fxe3 g6 18. Ba6 Rb8 19. Qd3 Bc8 20. Bb5 Bb7 21. Rf2 Qd7 22. Ne2 Rbc8 23. Rcf1 Kg7 24. Nf4 Ra8 25. Ba4 a6 26. Bc2 Qe8 27. Nxh5+ Kh7 28. Ng5+ Bxg5 29. Rxf7+ Rxf7 30. Qxg6+ Kh8 31. Rxf7 Bxe3+ 32. Kh1 Qg8 33. Rh7+ Qxh7 34. Qxh7# 1-0